AoeStats
← persephone9

Nomad

503149249Analyzed
2v2 RM · 1mo ago on Aug 30, 2026· 44m 5s· 4 players
Game mode
Random Map
Map size
176×176
Population
200
Speed
Normal
Resources
Standard
Victory
Conquest
Starting age
Dark Age
Ending age
Imperial Age
RankedLock teamsTeams togetherTeam positionsShared explorationLock speedFull tech treeHidden civsTurbo modeCheats
Victory
Defeat
🇨🇳 Maya · China
830
+16
🇨🇳 Franks · China
804
+17
🇺🇸 Bohemians · United States
828
-17
🇦🇷 Malay · Argentina
812
-16
908029158
17:36 Feudal Age
18:48 Fishing Lines
20:38 Double-Bit Axe
21:02 Loom
21:52 Wheelbarrow
24:35 Castle Age
24:39 Forging
24:35 Scale Barding Armor
24:23 Gold Mining
24:23 Stone Mining
26:57 Hand Cart
26:28 Town Watch
27:54 Husbandry
31:51 Gold Shaft Mining
33:44 Fletching
33:54 Padded Archer Armor
33:59 Town Patrol
35:27 #83
40:15 Imperial Age
39:20 Ballistics
39:12 Fortified Wall
38:57 Murder Holes
39:13 Masonry
39:18 Bow Saw
41:18 Elite Throwing Axeman
43:06 Conscription
43:23 Hoardings
43:48 Siege Engineers
猫咪先生
14:27 Feudal Age
14:13 Loom
20:06 Castle Age
18:47 Wheelbarrow
18:44 Double-Bit Axe
19:04 Gold Mining
19:23 Scale Mail Armor
19:34 Forging
21:30 Stone Mining
21:30 Fishing Lines
23:16 Chain Mail Armor
23:23 Bow Saw
30:27 Horse Collar
35:50 Imperial Age
34:19 Hand Cart
36:03 Squires
35:27 Pikeman
36:59 Conscription
37:52 Two-Man Saw
37:30 Capped Ram
38:03 Eagle Warrior
41:05 Siege Ram
persephone9
5:22 Loom
15:00 Feudal Age
15:27 Town Watch
25:32 Castle Age
28:41 Fervor
37:07 Imperial Age
37:16 Fletching
37:15 Double-Bit Axe
39:06 Chemistry
42:07 Conscription
Baltaaa
4:25 Loom
16:03 Feudal Age
15:43 Double-Bit Axe
16:35 Wheelbarrow
16:01 Fishing Lines
19:00 Forging
18:53 Gold Mining
18:54 Stone Mining
24:40 Castle Age
42:34 Iron Casting
Connection lost

Rejoining the realm…

Still unreachable

The connection could not be restored.

Session expired

The server has moved on; the page needs a fresh start.